 Dungeon Sprint DCSS version 0.17-a0-1533-g2f57bce (webtiles) character file.

32 ztt the Covert (level 3, 3/16 HPs)
             Began as a Spriggan Enchanter on July 16, 2015.
             Quit the game in the Dungeon (Sprint III: "The Ten Rune Challenge").
             The game lasted 00:01:16 (342 turns).

ztt the Covert (Spriggan Enchanter)                  Turns: 342, Time: 00:01:17

Health: 3/16       AC:  3    Str:  4    XL:     3   Next: 8%
Magic:  9/9        EV: 19    Int: 17    God:
Gold:   0          SH:  0    Dex: 16    Spells: 1 memorised, 8 levels left

rFire  . . .     SeeInvis +     a - +1 dagger
rCold  . . .     Clarity  .     b - +1 robe
rNeg   . . .     SustAt   .     (shield restricted)
rPois  .         Gourm    .     (helmet restricted)
rElec  .         Spirit   .     (no cloak)
rCorr  .         Warding  .     (gloves unavailable)
rMut   .         NoTele   +     (boots unavailable)
MR     .....                    (no amulet)
Stlth  +++++.....               (no ring)
                                (no ring)

@: very quick, not resistant to hostile enchantments, quite stealthy
A: unfitting armour, see invisible, herbivore 3, speed 3, slow metabolism 2
a: no special abilities


You were in the Dungeon.
You were not hungry.

You visited 1 branch

Inventory:

Hand weapons
 a - a +1 dagger (weapon)
Armour
 b - a +1 robe (worn)
Scrolls
 j - a scroll of blinking
 k - a scroll of magic mapping {unknown}
Potions
 e - a potion of curing
 f - a potion of heal wounds
 g - a potion of haste
 h - 2 potions of magic
 i - a potion of berserk rage
Books
 c - a book of Maledictions

   Spells                             Type                      Level
   a - Corona                         Hexes                        1
   b - Ensorcelled Hibernation        Hexes/Ice                    2
   c - Confuse                        Hexes                        3
   d - Tukima's Dance                 Hexes                        3
   e - Dazzling Spray                 Conjuration/Hexes            3
Comestibles
 d - a bread ration


   Skills:
 + Level 1.1 Short Blades
 + Level 3.6 Dodging
 * Level 8.4 Stealth
 + Level 3.6 Spellcasting
 + Level 5.3 Hexes


You had 8 spell levels left.
You knew the following spells:

 Your Spells              Type           Power        Failure   Level  Hunger
a - Corona                Hex            ###....      1%          1    None


Dungeon Overview and Level Annotations

Branches:
Dungeon (1/1)

Altars:


Innate Abilities, Weirdness & Mutations

You are tiny and cannot use many weapons and most armour.
You have supernaturally acute eyesight.
You are a herbivore.
You cover ground extremely quickly.
You need consume almost no food.


Message History

You hit the phantom.
The phantom is lightly damaged.
The phantom completely misses you.
You miss the phantom.
The phantom is lightly damaged.
The phantom hits you.
You miss the phantom.
The phantom is lightly damaged.
The phantom completely misses you.
You closely miss the phantom.
The phantom is lightly damaged.
The phantom barely misses you.
You barely miss the phantom.
The phantom is lightly damaged.
The phantom hits you!
Ouch! That really hurt!
* * * LOW HITPOINT WARNING * * *
You are too injured to fight recklessly!
You are too injured to fight recklessly!
Are you sure you want to abandon this character and quit the game? (Confirm with "yes".)

▓▓▓▓▓▓▓▓▓
▓<..#...####
▓...#......##
▓..##....)..# .#
▓##.##.##...# .#
##.##.###..# ..#
▓#.####.##..# .p.+
▓.###..##..##
#...# ▓#.....##.@#
#....#
###..##..W##.....#
##..##....#..W...#
#..###..##.#.....#
#..# #..#####....#
▓▓▓▓ ▓▓▓▓ ▓▓▓▓▓


You could see a phantom.

Vanquished Creatures
  Jessica (D)
  An ooze (D)
  2 rats (D)
4 creatures vanquished.

Vanquished Creatures (others)
  2 draconian scorchers (D)
  A yaktaur (D)
  A plant (D)
4 creatures vanquished.

Grand Total: 8 creatures vanquished

Notes
Turn   | Place    | Note
--------------------------------------------------------------
     0 | D        | ztt the Spriggan Enchanter began the quest for the Orb.
     0 | D        | Reached XP level 1. HP: 9/9 MP: 5/5
    10 | D        | Reached skill level 5 in Stealth
    12 | D        | Reached skill level 6 in Stealth
    25 | D        | Noticed Jessica
    35 | D        | Killed Jessica
    35 | D        | Reached skill level 8 in Stealth
    35 | D        | Reached skill level 5 in Hexes
    35 | D        | Reached XP level 2. HP: 2/13 MP: 3/7
    35 | D        | Reached XP level 3. HP: 2/16 MP: 3/9
    41 | D        | Killed a yaktaur
   209 | D        | Killed a white draconian scorcher
   231 | D        | Killed a white draconian scorcher
   342 | D        | Quit the game

Vault maps used:
D:        dungeon_sprint_mu

Action                   || total
-------------------------++-------
Melee: Dagger            ||    13
 Cast: Corona            ||     2
  Use: Scroll            ||     1
 Stab: Sleeping          ||     3
